Bruins vs Sharks
(R1)
Created - 15 mars 2013 at 23:17
Goals
|
| Bruins |
0 |
1 |
1 |
2 |
| Sharks |
1 |
2 |
0 |
3 |
|
Shots
|
| Bruins |
8 |
14 |
8 |
30 |
| Sharks |
16 |
8 |
11 |
35 |
|
1st period
1. Sharks , Bates Battaglia 8 (Filip Kuba, Adam Mair) at 18:29
Penalties :
Brad Ference (SJS) for Holding (Minor) at 2:50, Daniel Sedin (SJS) for Boarding (Minor) at 11:54, Zdeno Chara (Bos) for Hooking (Minor) at 16:21, Wojtek Wolski (Bos) for Hooking (Minor) at 18:46
2nd period
2. Bruins , Wojtek Wolski 29 (Daniel Briere, Eric Lindros) at 0:52 (PP)
3. Sharks , Bobby Ryan 8 (Daniel Sedin, Henrik Sedin) at 14:36 (PP)
4. Sharks , Daniel Sedin 26 (Henrik Sedin) at 14:46
Penalties :
Bobby Ryan (SJS) for Hooking (Minor) at 0:04, Adam Mair (SJS) for Hooking (Minor) at 3:25, Eric Lindros (Bos) for Roughing (Minor) at 13:18
3rd period
5. Bruins , Wojtek Wolski 30 (Andrew Alberts) at 3:20 (SH)
Penalties :
Daniel Sedin (SJS) for Hooking (Minor) at 0:09, Richard Lintner (Bos) for Hooking (Minor) at 2:33, Richard Lintner (Bos) for High sticking (Double Minor) at 10:28
Goalie Stats
Evgeni Nabokov (Bos), 32 saves from 35 shots - (0,914), L, 25-14-5, 59:17 minutes
Pascal Leclaire (SJS), 28 saves from 30 shots - (0,933), W, 22-15-3, 60:00 minutes
Players Stats for Bruins
Player Name G A P +/- PIM S H SB GA TA FO MP PP MP PK MP
------------------------------------------------------------------------------------
Andrew Alberts 0 1 1 -1 0 2 2 2 0 1 0/0 27:51 4:28 5:57
Christoph Schubert 0 0 0 0 0 0 0 0 0 2 0/0 12:33 0:00 2:05
Daniel Briere 0 1 1 -1 0 6 1 2 1 1 1/3 24:01 4:41 5:48
Eric Lindros 0 1 1 -1 2 4 3 0 1 1 24/38 22:51 4:41 4:43
Joe Corvo 0 0 0 0 0 1 0 2 0 1 0/0 19:49 3:35 3:18
Kris Chucko 0 0 0 0 0 1 1 1 0 0 0/0 8:01 0:00 2:02
Matt Hendricks 0 0 0 -1 0 0 1 0 0 0 1/2 10:04 0:00 1:23
Michael Ryder 0 0 0 0 0 1 0 0 0 0 1/2 6:46 0:01 0:00
Richard Lintner 0 0 0 0 6 1 0 0 0 0 0/0 12:00 0:00 1:39
Ryan O'Byrne 0 0 0 0 0 1 2 0 0 1 0/0 19:44 3:35 3:18
Scott Hartnell 0 0 0 1 0 2 0 0 0 0 0/0 18:38 3:21 2:31
Scottie Upshall 0 0 0 -1 0 1 1 0 0 0 0/0 9:35 0:01 0:00
Victor Oreskovich 0 0 0 -1 0 1 1 0 0 0 1/5 12:24 0:01 2:57
Vitali Yachmenev 0 0 0 0 0 2 1 0 0 0 0/0 16:27 3:21 0:00
Wayne Primeau 0 0 0 0 0 0 3 0 0 1 2/5 16:31 3:21 0:04
Wojtek Wolski 2 0 2 0 2 4 3 0 1 0 1/2 19:08 4:41 1:48
Zdeno Chara 0 0 0 -1 2 3 4 0 0 0 0/0 27:11 4:28 4:39
Zenon Konopka 0 0 0 0 0 0 0 0 0 0 0/0 5:07 0:00 0:00
Players Stats for Sharks
Player Name G A P +/- PIM S H SB GA TA FO MP PP MP PK MP
------------------------------------------------------------------------------------
Adam Mair 0 1 1 1 2 1 0 0 0 0 1/1 11:17 0:19 2:02
Bates Battaglia 1 0 1 1 0 2 4 0 0 0 0/0 12:36 0:49 1:41
Bobby Ryan 1 0 1 0 2 2 0 0 0 0 1/1 16:14 5:23 0:00
Brad Ference 0 0 0 -1 2 1 2 1 0 0 0/0 19:31 3:46 2:53
Daniel Sedin 1 1 2 0 4 4 3 0 1 0 0/1 20:26 5:01 1:59
David Hale 0 0 0 0 0 0 0 0 0 0 0/0 12:52 1:25 0:00
Dick Tarnstrom 0 0 0 0 0 1 0 1 0 0 0/0 14:00 1:18 0:50
Filip Kuba 0 1 1 2 0 5 1 1 0 1 0/0 26:53 5:29 4:20
Georges Laraque 0 0 0 0 0 1 1 0 0 0 1/1 10:34 0:49 0:00
Henrik Sedin 0 2 2 0 0 3 0 1 1 1 15/34 22:29 5:18 4:11
Joni Pitkanen 0 0 0 2 0 1 1 0 2 1 0/0 26:53 5:29 4:20
Loui Eriksson 0 0 0 0 0 3 0 1 0 0 0/0 15:09 4:20 0:35
Mike Fisher 0 0 0 0 0 3 1 0 1 0 5/8 13:03 1:00 0:50
Mike Johnson 0 0 0 1 0 0 1 1 0 0 0/0 8:45 0:00 0:00
Mike Komisarek 0 0 0 -1 0 3 0 0 0 0 0/0 20:15 3:39 3:43
Mikko Koivu 0 0 0 0 0 2 1 0 2 0 3/8 15:48 4:19 2:24
Milan Hejduk 0 0 0 0 0 3 0 0 1 0 0/3 15:48 4:20 2:24
Tomas Fleischmann 0 0 0 0 0 0 0 0 0 0 0/0 8:38 0:00 0:00
3 Stars
1 - Wojtek Wolski (Bos)
2 - Bates Battaglia (SJS)
3 - Filip Kuba (SJS)
Power Play
Bruins - 1 on 5 Attempt(s) - 20,00%
Sharks - 1 on 6 Attempt(s) - 16,67%
Penalty Kill
Bruins - 5 on 6 Attempt(s) - 83,33%
- Score 1 goal in Penalty Kill
Sharks - 4 on 5 Attempt(s) - 80,00%
- Score 0 goal in Penalty Kill
Official
Referees : Rooney Chris and Meier Brad
Linesman : Shane Heyer and Steve Miller
Game Notes
No Game Note
Finance
Level 1 -- Attendance: 5198 (86,63%) -- Ticket Income 467 820 $
Level 2 -- Attendance: 5000 (100,00%) -- Ticket Income 275 000 $
Level 3 -- Attendance: 1941 (97,05%) -- Ticket Income 58 230 $
Level 4 -- Attendance: 3628 (90,70%) -- Ticket Income 54 420 $
Luxury Box -- Attendance: 889 (88,90%) -- Ticket Income 160 020 $
Game was played at the Hockey Place Center
Total Attendance: 16656 (92,53%)
Total Ticket Income: 1 015 490 $
Total Income: 1 015 490 $
Bruins
5 vs 5 Forward
Center Left Wing Right Wing Time % Phy DF OF
1 Eric Lindros Wojtek Wolski Daniel Briere 40 1 2 2
2 Wayne Primeau Scott Hartnell Vitali Yachmenev 30 1 2 2
3 Matt Hendricks Scottie Upshall Victor Oreskovich 20 1 2 2
4 Zenon Konopka Kris Chucko Michael Ryder 10 1 2 2
5 vs 5 Defense
Defense Defense Time % Phy DF OF
1 Zdeno Chara Andrew Alberts 40 1 2 2
2 Ryan O'Byrne Joe Corvo 30 1 2 2
3 Christoph Schubert Richard Lintner 20 1 2 2
4 Andrew Alberts Zdeno Chara 10 1 2 2
PowerPlay Forward
Center Left Wing Right Wing Time % Phy DF OF
1 Eric Lindros Wojtek Wolski Daniel Briere 60 1 2 2
2 Wayne Primeau Scott Hartnell Vitali Yachmenev 40 1 2 2
PowerPlay Defense
Defense Defense Time % Phy DF OF
1 Zdeno Chara Andrew Alberts 60 1 2 2
2 Ryan O'Byrne Joe Corvo 40 1 2 2
Penalty Kill 4 Players Forward
Center Wing Time % Phy DF OF
1 Eric Lindros Daniel Briere 60 1 2 2
2 Wojtek Wolski Scott Hartnell 40 1 2 2
Penalty Kill 4 Players Defense
Defense Defense Time % Phy DF OF
1 Zdeno Chara Andrew Alberts 60 1 2 2
2 Ryan O'Byrne Richard Lintner 40 1 2 2
Penalty Kill - 3 Players Forward
Forward Time % Phy DF OF
1 Eric Lindros 60 1 2 2
2 Daniel Briere 40 1 2 2
Penalty Kill - 3 Players Defense
Defense Defense Time % Phy DF OF
1 Zdeno Chara Andrew Alberts 60 1 2 2
2 Ryan O'Byrne Richard Lintner 40 1 2 2
4 vs 4 Forward
Center Wing Time % Phy DF OF
1 Eric Lindros Daniel Briere 60 1 2 2
2 Wojtek Wolski Scott Hartnell 40 1 2 2
4 vs 4 Defense
Defense Defense Time % Phy DF OF
1 Zdeno Chara Andrew Alberts 60 1 2 2
2 Ryan O'Byrne Joe Corvo 40 1 2 2
Last Minutes Offensive
Center Left Wing Right Wing Defense Defense
Eric Lindros Wojtek Wolski Daniel Briere Zdeno Chara Andrew Alberts
Last Minutes Defensive
Center Left Wing Right Wing Defense Defense
Eric Lindros Wojtek Wolski Daniel Briere Zdeno Chara Richard Lintner
Goaltenders
Starting : Evgeni Nabokov
Backup : Scott Clemmensen
Extra Forwards
Normal : Michael Ryder, Scottie Upshall, Victor Oreskovich - PP : Michael Ryder, Scottie Upshall - PK : Victor Oreskovich
Extra Defensemen
Normal : Joe Corvo, Richard Lintner, Zdeno Chara - PP : Joe Corvo - PK : Richard Lintner, Joe Corvo
Penalty Shots
Eric Lindros, Daniel Briere, Wojtek Wolski, Scott Hartnell, Vitali Yachmenev
Sharks
5 vs 5 Forward
Center Left Wing Right Wing Time % Phy DF OF
1 Henrik Sedin Daniel Sedin Bobby Ryan 40 1 2 2
2 Mikko Koivu Loui Eriksson Milan Hejduk 30 1 2 2
3 Mike Fisher Tomas Fleischmann Georges Laraque 20 1 2 2
4 Adam Mair Bates Battaglia Mike Johnson 10 1 2 2
5 vs 5 Defense
Defense Defense Time % Phy DF OF
1 Filip Kuba Joni Pitkanen 40 1 2 2
2 Mike Komisarek Brad Ference 30 1 2 2
3 David Hale Dick Tarnstrom 20 1 2 2
4 Filip Kuba Joni Pitkanen 10 1 2 2
PowerPlay Forward
Center Left Wing Right Wing Time % Phy DF OF
1 Henrik Sedin Daniel Sedin Bobby Ryan 60 1 2 2
2 Mikko Koivu Loui Eriksson Milan Hejduk 40 1 2 2
PowerPlay Defense
Defense Defense Time % Phy DF OF
1 Filip Kuba Joni Pitkanen 60 1 2 2
2 Mike Komisarek Brad Ference 40 1 2 2
Penalty Kill 4 Players Forward
Center Wing Time % Phy DF OF
1 Henrik Sedin Daniel Sedin 60 1 2 2
2 Mikko Koivu Milan Hejduk 40 1 2 2
Penalty Kill 4 Players Defense
Defense Defense Time % Phy DF OF
1 Filip Kuba Joni Pitkanen 60 1 2 2
2 Mike Komisarek Brad Ference 40 1 2 2
Penalty Kill - 3 Players Forward
Forward Time % Phy DF OF
1 Henrik Sedin 60 1 2 2
2 Daniel Sedin 40 1 2 2
Penalty Kill - 3 Players Defense
Defense Defense Time % Phy DF OF
1 Filip Kuba Joni Pitkanen 60 1 2 2
2 Mike Komisarek Brad Ference 40 1 2 2
4 vs 4 Forward
Center Wing Time % Phy DF OF
1 Henrik Sedin Daniel Sedin 60 1 2 2
2 Mikko Koivu Milan Hejduk 40 1 2 2
4 vs 4 Defense
Defense Defense Time % Phy DF OF
1 Filip Kuba Joni Pitkanen 60 1 2 2
2 Mike Komisarek Brad Ference 40 1 2 2
Last Minutes Offensive
Center Left Wing Right Wing Defense Defense
Henrik Sedin Daniel Sedin Georges Laraque Filip Kuba Joni Pitkanen
Last Minutes Defensive
Center Left Wing Right Wing Defense Defense
Henrik Sedin Daniel Sedin Georges Laraque Filip Kuba Joni Pitkanen
Goaltenders
Starting : Pascal Leclaire
Backup : Martin Biron
Extra Forwards
Normal : Mike Fisher, Bobby Ryan, Adam Mair - PP : Mike Fisher, Bobby Ryan - PK : Adam Mair
Extra Defensemen
Normal : David Hale, Dick Tarnstrom, Mike Komisarek - PP : David Hale - PK : Dick Tarnstrom, Mike Komisarek
Penalty Shots
Henrik Sedin, Daniel Sedin, Mikko Koivu, Milan Hejduk, Loui Eriksson
% Time on Ice - Bruins
Lines # - Real PCT - Wanted PCT - Time Play
Normal Forward
1 - 30% - 40% - 11:43
2 - 37% - 30% - 14:40
3 - 20% - 20% - 8:02
4 - 13% - 10% - 5:07
Normal Defense
1 - 39% - 40% - 15:36
2 - 33% - 30% - 12:51
3 - 26% - 20% - 10:23
4 - 2% - 10% - 0:42
PP Forward
1 - 58% - 60% - 4:42
2 - 42% - 40% - 3:21
PP Defense
1 - 55% - 60% - 4:28
2 - 45% - 40% - 3:35
PK Forward
1 - 78% - 60% - 8:15
2 - 22% - 40% - 2:18
PK Defense
1 - 59% - 60% - 6:16
2 - 41% - 40% - 4:17
PK3 Forward
1 - 0% - 60%
2 - 0% - 40%
PK3 Defense
1 - 0% - 60%
2 - 0% - 40%
44 Forward
1 - 100% - 60% - 0:41
2 - 0% - 40% - 0:00
44 Defense
1 - 100% - 60% - 0:41
2 - 0% - 40% - 0:00
Last Minute Offensive - 1:11
Last Minute Defensive - 0:00
Total
Forward - 60:00
Defense - 60:00
|
% Time on Ice - Sharks
Lines # - Real PCT - Wanted PCT - Time Play
Normal Forward
1 - 30% - 40% - 11:58
2 - 29% - 30% - 11:38
3 - 22% - 20% - 8:34
4 - 19% - 10% - 7:19
Normal Defense
1 - 39% - 40% - 15:26
2 - 33% - 30% - 12:53
3 - 28% - 20% - 10:52
4 - 1% - 10% - 0:18
PP Forward
1 - 57% - 60% - 6:00
2 - 43% - 40% - 4:33
PP Defense
1 - 65% - 60% - 6:54
2 - 35% - 40% - 3:39
PK Forward
1 - 70% - 60% - 5:39
2 - 30% - 40% - 2:24
PK Defense
1 - 54% - 60% - 4:20
2 - 46% - 40% - 3:43
PK3 Forward
1 - 0% - 60%
2 - 0% - 40%
PK3 Defense
1 - 0% - 60%
2 - 0% - 40%
44 Forward
1 - 100% - 60% - 0:41
2 - 0% - 40% - 0:00
44 Defense
1 - 100% - 60% - 0:41
2 - 0% - 40% - 0:00
Last Minute Offensive - 0:00
Last Minute Defensive - 1:14
Total
Forward - 60:00
Defense - 60:00
|
Play by Play
1st period
0:01 of 1st period - Henrik Sedin wins face-off versus Eric Lindros in neutral zone.
0:08 of 1st period - Snap shot by Daniel Sedin.
0:08 of 1st period - Shot Misses the Net.
1:00 of 1st period - Milan Hejduk is hit by Victor Oreskovich and loses puck.
1:21 of 1st period - Wrist shot by Milan Hejduk.
1:21 of 1st period - Shot Misses the Net.
1:23 of 1st period - Snap shot by Milan Hejduk.
1:23 of 1st period - Stopped by Evgeni Nabokov with a rebound.
1:25 of 1st period - Wrist shot by Mikko Koivu.
1:25 of 1st period - Stopped by Evgeni Nabokov with a rebound.
1:27 of 1st period - Slapshot by Mike Komisarek.
1:27 of 1st period - Stopped by Evgeni Nabokov without a rebound.
1:28 of 1st period - Eric Lindros wins face-off versus Mike Fisher in Bruins zone.
1:37 of 1st period - Wrist shot by Eric Lindros.
1:37 of 1st period - Shot Blocked by Dick Tarnstrom.
1:53 of 1st period - Henrik Sedin is hit by Ryan O'Byrne and loses puck.
2:40 of 1st period - Richard Lintner is hit by Georges Laraque and loses puck.
2:50 of 1st period - Minor Penalty to Brad Ference for Holding.
2:51 of 1st period - Eric Lindros wins face-off versus Henrik Sedin in Sharks zone.
3:28 of 1st period - Wrist shot by Scott Hartnell.
3:28 of 1st period - Stopped by Pascal Leclaire with a rebound.
4:03 of 1st period - Off-side.
4:04 of 1st period - Eric Lindros wins face-off versus Mikko Koivu in neutral zone.
4:35 of 1st period - Wrist shot by Mikko Koivu.
4:35 of 1st period - Shot Misses the Net.
4:50 of 1st period - Penalty to Brad Ference is over, Brad Ference is back on ice.
4:53 of 1st period - Daniel Sedin is hit by Scottie Upshall and loses puck.
5:14 of 1st period - Snap shot by Daniel Sedin.
5:14 of 1st period - Stopped by Evgeni Nabokov without a rebound.
5:15 of 1st period - Mike Fisher wins face-off versus Michael Ryder in Bruins zone.
6:04 of 1st period - Snap shot by Adam Mair.
6:04 of 1st period - Shot Misses the Net.
6:08 of 1st period - Snap shot by Bates Battaglia.
6:08 of 1st period - Shot Misses the Net.
6:10 of 1st period - Wrist shot by Adam Mair.
6:10 of 1st period - Shot Misses the Net.
6:12 of 1st period - Snap shot by Mike Johnson.
6:12 of 1st period - Shot Misses the Net.
6:14 of 1st period - Slapshot by Dick Tarnstrom.
6:14 of 1st period - Stopped by Evgeni Nabokov without a rebound.
6:15 of 1st period - Georges Laraque wins face-off versus Eric Lindros in Bruins zone.
6:46 of 1st period - Wrist shot by Daniel Sedin.
6:46 of 1st period - Shot Blocked by Joe Corvo.
7:44 of 1st period - Christoph Schubert is hit by Brad Ference and loses puck.
7:55 of 1st period - Wrist shot by Georges Laraque.
7:55 of 1st period - Shot Blocked by Daniel Briere.
8:16 of 1st period - Snap shot by Daniel Briere.
8:16 of 1st period - Stopped by Pascal Leclaire without a rebound.
8:17 of 1st period - Wayne Primeau wins face-off versus Henrik Sedin in Sharks zone.
8:28 of 1st period - Snap shot by Vitali Yachmenev.
8:28 of 1st period - Stopped by Pascal Leclaire without a rebound.
8:29 of 1st period - Henrik Sedin wins face-off versus Wayne Primeau in Sharks zone.
9:49 of 1st period - Tomas Fleischmann is hit by Ryan O'Byrne and loses puck.
10:00 of 1st period - Richard Lintner is hit by Daniel Sedin and loses puck.
10:11 of 1st period - Snap shot by Bobby Ryan.
10:11 of 1st period - Shot Misses the Net.
10:13 of 1st period - Snap shot by Henrik Sedin.
10:13 of 1st period - Stopped by Evgeni Nabokov without a rebound.
10:14 of 1st period - Eric Lindros wins face-off versus Mikko Koivu in Bruins zone.
10:39 of 1st period - Brad Ference is hit by Andrew Alberts and loses puck.
11:03 of 1st period - Slapshot by Brad Ference.
11:03 of 1st period - Shot Misses the Net.
11:25 of 1st period - Slapshot by Mike Fisher.
11:25 of 1st period - Stopped by Evgeni Nabokov without a rebound.
11:26 of 1st period - Mike Fisher wins face-off versus Eric Lindros in Bruins zone.
11:49 of 1st period - Wrist shot by Mike Fisher.
11:49 of 1st period - Deflect By Georges Laraque.
11:49 of 1st period - Stopped by Evgeni Nabokov without a rebound.
11:50 of 1st period - Henrik Sedin wins face-off versus Wayne Primeau in Bruins zone.
11:54 of 1st period - Minor Penalty to Daniel Sedin for Boarding.
11:55 of 1st period - Henrik Sedin wins face-off versus Eric Lindros in Sharks zone.
13:07 of 1st period - Wrist shot by Daniel Briere.
13:07 of 1st period - Stopped by Pascal Leclaire with a rebound.
13:09 of 1st period - Wrist shot by Wojtek Wolski.
13:09 of 1st period - Stopped by Pascal Leclaire without a rebound.
13:10 of 1st period - Wayne Primeau wins face-off versus Mikko Koivu in Sharks zone.
13:54 of 1st period - Penalty to Daniel Sedin is over, Daniel Sedin is back on ice.
13:56 of 1st period - Slapshot by Bates Battaglia.
13:56 of 1st period - Stopped by Evgeni Nabokov with a rebound.
14:19 of 1st period - Snap shot by Daniel Sedin.
14:19 of 1st period - Shot Misses the Net.
14:21 of 1st period - Wrist shot by Daniel Sedin.
14:21 of 1st period - Stopped by Evgeni Nabokov with a rebound.
14:23 of 1st period - Wrist shot by Mike Komisarek.
14:23 of 1st period - Stopped by Evgeni Nabokov with a rebound.
14:27 of 1st period - Snap shot by Daniel Sedin.
14:27 of 1st period - Stopped by Evgeni Nabokov with a rebound.
15:10 of 1st period - Scott Hartnell is hit by Bates Battaglia and loses puck.
15:29 of 1st period - Snap shot by Daniel Sedin.
15:29 of 1st period - Shot Misses the Net.
15:33 of 1st period - Slapshot by Mike Fisher.
15:33 of 1st period - Stopped by Evgeni Nabokov without a rebound.
15:34 of 1st period - Eric Lindros wins face-off versus Mikko Koivu in Bruins zone.
16:10 of 1st period - Slapshot by Richard Lintner.
16:10 of 1st period - Deflect By Henrik Sedin.
16:10 of 1st period - Stopped by Pascal Leclaire with a rebound.
16:12 of 1st period - Slapshot by Richard Lintner.
16:12 of 1st period - Shot Blocked by Filip Kuba.
16:14 of 1st period - Snap shot by Michael Ryder.
16:14 of 1st period - Deflect By Kris Chucko.
16:14 of 1st period - Stopped by Pascal Leclaire without a rebound.
16:15 of 1st period - Eric Lindros wins face-off versus Milan Hejduk in Sharks zone.
16:21 of 1st period - Minor Penalty to Zdeno Chara for Hooking.
16:22 of 1st period - Mikko Koivu wins face-off versus Daniel Briere in Bruins zone.
16:29 of 1st period - Snap shot by Milan Hejduk.
16:29 of 1st period - Stopped by Evgeni Nabokov with a rebound.
16:31 of 1st period - Slapshot by Filip Kuba.
16:31 of 1st period - Deflect By Eric Lindros.
16:31 of 1st period - Stopped by Evgeni Nabokov with a rebound.
18:21 of 1st period - Penalty to Zdeno Chara is over, Zdeno Chara is back on ice.
18:25 of 1st period - Off-side.
18:26 of 1st period - Adam Mair wins face-off versus Victor Oreskovich in neutral zone.
18:29 of 1st period - Slapshot by Filip Kuba.
18:29 of 1st period - Deflect By Bates Battaglia.
18:29 of 1st period - Goal by Bates Battaglia - Bruins : 0 - Sharks : 1.
18:30 of 1st period - Henrik Sedin wins face-off versus Daniel Briere in neutral zone.
18:45 of 1st period - Slapshot by Eric Lindros.
18:45 of 1st period - Stopped by Pascal Leclaire with a rebound.
18:46 of 1st period - Minor Penalty to Wojtek Wolski for Hooking.
18:47 of 1st period - Eric Lindros wins face-off versus Henrik Sedin in Bruins zone.
18:52 of 1st period - Slapshot by Filip Kuba.
18:52 of 1st period - Shot Blocked by Daniel Briere.
2nd period
0:01 of 2nd period - Eric Lindros wins face-off versus Henrik Sedin in neutral zone.
0:03 of 2nd period - Off-side.
0:04 of 2nd period - Eric Lindros wins face-off versus Henrik Sedin in neutral zone.
0:04 of 2nd period - Minor Penalty to Bobby Ryan for Hooking.
0:05 of 2nd period - Henrik Sedin wins face-off versus Eric Lindros in Sharks zone.
0:10 of 2nd period - Snap shot by Filip Kuba.
0:10 of 2nd period - Stopped by Evgeni Nabokov without a rebound.
0:11 of 2nd period - Henrik Sedin wins face-off versus Eric Lindros in Bruins zone.
0:12 of 2nd period - Snap shot by Daniel Sedin.
0:12 of 2nd period - Deflect By Henrik Sedin.
0:12 of 2nd period - Shot Misses the Net.
0:12 of 2nd period - Puck is out of play.
0:13 of 2nd period - Daniel Briere wins face-off versus Henrik Sedin in Bruins zone.
0:28 of 2nd period - Wrist shot by Daniel Briere.
0:28 of 2nd period - Stopped by Pascal Leclaire without a rebound.
0:29 of 2nd period - Henrik Sedin wins face-off versus Eric Lindros in Sharks zone.
0:34 of 2nd period - Slapshot by Filip Kuba.
0:34 of 2nd period - Stopped by Evgeni Nabokov without a rebound.
0:35 of 2nd period - Eric Lindros wins face-off versus Henrik Sedin in Bruins zone.
0:40 of 2nd period - Snap shot by Eric Lindros.
0:40 of 2nd period - Stopped by Pascal Leclaire with a rebound.
0:46 of 2nd period - Penalty to Wojtek Wolski is over, Wojtek Wolski is back on ice.
0:52 of 2nd period - Wrist shot by Wojtek Wolski.
0:52 of 2nd period - Goal by Wojtek Wolski - Bruins : 1 - Sharks : 1.
0:53 of 2nd period - Eric Lindros wins face-off versus Henrik Sedin in neutral zone.
1:09 of 2nd period - Snap shot by Henrik Sedin.
1:09 of 2nd period - Shot Misses the Net.
1:38 of 2nd period - Scottie Upshall is hit by Filip Kuba and loses puck.
1:47 of 2nd period - Filip Kuba is hit by Matt Hendricks and loses puck.
1:58 of 2nd period - Wrist shot by Scottie Upshall.
1:58 of 2nd period - Shot Blocked by Henrik Sedin.
2:27 of 2nd period - Backhand shot by Scottie Upshall.
2:27 of 2nd period - Shot Misses the Net.
2:29 of 2nd period - Slapshot by Victor Oreskovich.
2:29 of 2nd period - Shot Misses the Net.
2:31 of 2nd period - Wrist shot by Zdeno Chara.
2:31 of 2nd period - Stopped by Pascal Leclaire with a rebound.
2:33 of 2nd period - Slapshot by Zdeno Chara.
2:33 of 2nd period - Stopped by Pascal Leclaire without a rebound.
2:34 of 2nd period - Eric Lindros wins face-off versus Milan Hejduk in Sharks zone.
3:25 of 2nd period - Minor Penalty to Adam Mair for Hooking.
3:26 of 2nd period - Mikko Koivu wins face-off versus Eric Lindros in Sharks zone.
3:26 of 2nd period - Mikko Koivu is hit by Eric Lindros.
3:38 of 2nd period - Wrist shot by Eric Lindros.
3:38 of 2nd period - Stopped by Pascal Leclaire without a rebound.
3:39 of 2nd period - Henrik Sedin wins face-off versus Eric Lindros in Sharks zone.
3:39 of 2nd period - Henrik Sedin is hit by Eric Lindros.
4:12 of 2nd period - Brad Ference is hit by Zdeno Chara and loses puck.
5:08 of 2nd period - Daniel Sedin is hit by Andrew Alberts and loses puck.
5:25 of 2nd period - Penalty to Adam Mair is over, Adam Mair is back on ice.
6:44 of 2nd period - Slapshot by Tomas Fleischmann.
6:44 of 2nd period - Shot Misses the Net.
6:56 of 2nd period - Slapshot by Adam Mair.
6:56 of 2nd period - Stopped by Evgeni Nabokov with a rebound.
7:25 of 2nd period - Wrist shot by Mikko Koivu.
7:25 of 2nd period - Stopped by Evgeni Nabokov with a rebound.
9:54 of 2nd period - Slapshot by Michael Ryder.
9:54 of 2nd period - Stopped by Pascal Leclaire with a rebound.
10:04 of 2nd period - Henrik Sedin is hit by Eric Lindros and loses puck.
10:32 of 2nd period - Andrew Alberts is hit by Mike Johnson and loses puck.
10:45 of 2nd period - Joni Pitkanen is hit by Vitali Yachmenev and loses puck.
10:52 of 2nd period - Brad Ference is hit by Wayne Primeau and loses puck.
11:37 of 2nd period - Filip Kuba is hit by Wayne Primeau and loses puck.
12:04 of 2nd period - Filip Kuba is hit by Wayne Primeau.
12:10 of 2nd period - Wrist shot by Bates Battaglia.
12:10 of 2nd period - Shot Misses the Net.
12:12 of 2nd period - Snap shot by Mike Komisarek.
12:12 of 2nd period - Stopped by Evgeni Nabokov with a rebound.
12:14 of 2nd period - Wrist shot by Adam Mair.
12:14 of 2nd period - Shot Misses the Net.
13:13 of 2nd period - Wrist shot by Vitali Yachmenev.
13:13 of 2nd period - Shot Blocked by Mike Johnson.
13:15 of 2nd period - Snap shot by Vitali Yachmenev.
13:15 of 2nd period - Stopped by Pascal Leclaire with a rebound.
13:17 of 2nd period - Wrist shot by Scott Hartnell.
13:17 of 2nd period - Stopped by Pascal Leclaire without a rebound.
13:18 of 2nd period - Eric Lindros wins face-off versus Mikko Koivu in Sharks zone.
13:18 of 2nd period - Minor Penalty to Eric Lindros for Roughing.
13:19 of 2nd period - Victor Oreskovich wins face-off versus Henrik Sedin in Bruins zone.
13:55 of 2nd period - Off-side.
13:56 of 2nd period - Henrik Sedin wins face-off versus Victor Oreskovich in neutral zone.
14:06 of 2nd period - Icing by Mike Komisarek.
14:07 of 2nd period - Henrik Sedin wins face-off versus Victor Oreskovich in Sharks zone.
14:20 of 2nd period - Snap shot by Henrik Sedin.
14:20 of 2nd period - Stopped by Evgeni Nabokov without a rebound.
14:21 of 2nd period - Henrik Sedin wins face-off versus Victor Oreskovich in Bruins zone.
14:34 of 2nd period - Slapshot by Daniel Sedin.
14:34 of 2nd period - Shot Blocked by Andrew Alberts.
14:36 of 2nd period - Slapshot by Bobby Ryan.
14:36 of 2nd period - Goal by Bobby Ryan - Bruins : 1 - Sharks : 2.
14:37 of 2nd period - Henrik Sedin wins face-off versus Eric Lindros in neutral zone.
14:46 of 2nd period - Snap shot by Daniel Sedin.
14:46 of 2nd period - Goal by Daniel Sedin - Bruins : 1 - Sharks : 3.
14:47 of 2nd period - Mikko Koivu wins face-off versus Eric Lindros in neutral zone.
15:06 of 2nd period - Milan Hejduk is hit by Zdeno Chara and loses puck.
15:21 of 2nd period - Snap shot by Scott Hartnell.
15:21 of 2nd period - Shot Misses the Net.
16:42 of 2nd period - Christoph Schubert is hit by Daniel Sedin and loses puck.
17:33 of 2nd period - Wrist shot by Zenon Konopka.
17:33 of 2nd period - Shot Misses the Net.
17:35 of 2nd period - Snap shot by Michael Ryder.
17:35 of 2nd period - Shot Hit the Post.
18:07 of 2nd period - Slapshot by Scottie Upshall.
18:07 of 2nd period - Stopped by Pascal Leclaire without a rebound.
18:08 of 2nd period - Matt Hendricks wins face-off versus Mike Fisher in Sharks zone.
18:11 of 2nd period - Wrist shot by Victor Oreskovich.
18:11 of 2nd period - Shot Misses the Net.
18:13 of 2nd period - Slapshot by Joe Corvo.
18:13 of 2nd period - Stopped by Pascal Leclaire with a rebound.
18:15 of 2nd period - Snap shot by Joe Corvo.
18:15 of 2nd period - Shot Hit the Post.
18:17 of 2nd period - Slapshot by Ryan O'Byrne.
18:17 of 2nd period - Deflect By Mike Fisher.
18:17 of 2nd period - Stopped by Pascal Leclaire without a rebound.
18:18 of 2nd period - Eric Lindros wins face-off versus Henrik Sedin in Sharks zone.
18:23 of 2nd period - Snap shot by Eric Lindros.
18:23 of 2nd period - Shot Misses the Net.
18:25 of 2nd period - Slapshot by Zdeno Chara.
18:25 of 2nd period - Deflect By Wojtek Wolski.
18:25 of 2nd period - Shot Hit the Post.
18:25 of 2nd period - Puck is out of play.
18:26 of 2nd period - Wojtek Wolski wins face-off versus Henrik Sedin in Sharks zone.
18:27 of 2nd period - Wrist shot by Eric Lindros.
18:27 of 2nd period - Deflect By Daniel Briere.
18:27 of 2nd period - Stopped by Pascal Leclaire without a rebound.
18:28 of 2nd period - Eric Lindros wins face-off versus Henrik Sedin in Sharks zone.
18:41 of 2nd period - Slapshot by Wojtek Wolski.
18:41 of 2nd period - Stopped by Pascal Leclaire without a rebound.
18:42 of 2nd period - Eric Lindros wins face-off versus Milan Hejduk in Sharks zone.
19:09 of 2nd period - Henrik Sedin is hit by Zdeno Chara and loses puck.
19:36 of 2nd period - Slapshot by Tomas Fleischmann.
19:36 of 2nd period - Deflect By Ryan O'Byrne.
19:36 of 2nd period - Shot Misses the Net.
19:36 of 2nd period - Puck is out of play.
19:37 of 2nd period - Mike Fisher wins face-off versus Eric Lindros in Bruins zone.
3rd period
0:01 of 3rd period - Eric Lindros wins face-off versus Henrik Sedin in neutral zone.
0:09 of 3rd period - Minor Penalty to Daniel Sedin for Hooking.
0:10 of 3rd period - Henrik Sedin wins face-off versus Eric Lindros in Sharks zone.
0:25 of 3rd period - Snap shot by Eric Lindros.
0:25 of 3rd period - Stopped by Pascal Leclaire with a rebound.
1:30 of 3rd period - Mike Komisarek is hit by Wojtek Wolski and loses puck.
2:09 of 3rd period - Penalty to Daniel Sedin is over, Daniel Sedin is back on ice.
2:14 of 3rd period - Snap shot by Tomas Fleischmann.
2:14 of 3rd period - Shot Hit the Post.
2:16 of 3rd period - Snap shot by Tomas Fleischmann.
2:16 of 3rd period - Deflect By Mike Fisher.
2:16 of 3rd period - Shot Misses the Net.
2:16 of 3rd period - Puck is out of play.
2:17 of 3rd period - Michael Ryder wins face-off versus Mike Fisher in Bruins zone.
2:33 of 3rd period - Minor Penalty to Richard Lintner for Hooking.
2:34 of 3rd period - Eric Lindros wins face-off versus Henrik Sedin in Bruins zone.
3:20 of 3rd period - Snap shot by Wojtek Wolski.
3:20 of 3rd period - Goal by Wojtek Wolski - Bruins : 2 - Sharks : 3.
3:21 of 3rd period - Eric Lindros wins face-off versus Henrik Sedin in neutral zone.
4:33 of 3rd period - Penalty to Richard Lintner is over, Richard Lintner is back on ice.
4:50 of 3rd period - Richard Lintner is hit by Joni Pitkanen.
5:34 of 3rd period - Snap shot by Loui Eriksson.
5:34 of 3rd period - Shot Misses the Net.
5:59 of 3rd period - Icing by Matt Hendricks.
6:00 of 3rd period - Bobby Ryan wins face-off versus Matt Hendricks in Bruins zone.
6:05 of 3rd period - Wrist shot by Bobby Ryan.
6:05 of 3rd period - Stopped by Evgeni Nabokov with a rebound.
6:07 of 3rd period - Snap shot by Henrik Sedin.
6:07 of 3rd period - Stopped by Evgeni Nabokov without a rebound.
6:08 of 3rd period - Eric Lindros wins face-off versus Henrik Sedin in Bruins zone.
6:39 of 3rd period - Snap shot by Mikko Koivu.
6:39 of 3rd period - Shot Misses the Net.
6:41 of 3rd period - Snap shot by Loui Eriksson.
6:41 of 3rd period - Stopped by Evgeni Nabokov with a rebound.
6:43 of 3rd period - Slapshot by Brad Ference.
6:43 of 3rd period - Stopped by Evgeni Nabokov with a rebound.
6:47 of 3rd period - Snap shot by Milan Hejduk.
6:47 of 3rd period - Stopped by Evgeni Nabokov without a rebound.
6:48 of 3rd period - Mike Fisher wins face-off versus Eric Lindros in Bruins zone.
6:55 of 3rd period - Snap shot by Filip Kuba.
6:55 of 3rd period - Stopped by Evgeni Nabokov with a rebound.
6:57 of 3rd period - Slapshot by Joni Pitkanen.
6:57 of 3rd period - Stopped by Evgeni Nabokov without a rebound.
6:58 of 3rd period - Mike Fisher wins face-off versus Wojtek Wolski in Bruins zone.
7:19 of 3rd period - Joni Pitkanen is hit by Daniel Briere and loses puck.
7:34 of 3rd period - Snap shot by Filip Kuba.
7:34 of 3rd period - Stopped by Evgeni Nabokov with a rebound.
7:36 of 3rd period - Slapshot by Mike Fisher.
7:36 of 3rd period - Stopped by Evgeni Nabokov with a rebound.
7:38 of 3rd period - Wrist shot by Tomas Fleischmann.
7:38 of 3rd period - Deflect By Wojtek Wolski.
7:38 of 3rd period - Shot Blocked by Joe Corvo.
7:38 of 3rd period - Puck is out of play.
7:39 of 3rd period - Henrik Sedin wins face-off versus Wayne Primeau in Bruins zone.
7:39 of 3rd period - Henrik Sedin is hit by Zdeno Chara.
7:49 of 3rd period - Slapshot by Andrew Alberts.
7:49 of 3rd period - Stopped by Pascal Leclaire with a rebound.
8:16 of 3rd period - Slapshot by Zdeno Chara.
8:16 of 3rd period - Stopped by Pascal Leclaire with a rebound.
8:32 of 3rd period - Richard Lintner is hit by Bates Battaglia and loses puck.
8:37 of 3rd period - Slapshot by Filip Kuba.
8:37 of 3rd period - Shot Blocked by Kris Chucko.
9:38 of 3rd period - Wrist shot by Matt Hendricks.
9:38 of 3rd period - Shot Blocked by Brad Ference.
9:40 of 3rd period - Snap shot by Matt Hendricks.
9:40 of 3rd period - Shot Blocked by Loui Eriksson.
9:42 of 3rd period - Snap shot by Victor Oreskovich.
9:42 of 3rd period - Stopped by Pascal Leclaire without a rebound.
9:43 of 3rd period - Eric Lindros wins face-off versus Henrik Sedin in Sharks zone.
9:50 of 3rd period - Snap shot by Eric Lindros.
9:50 of 3rd period - Shot Misses the Net.
10:28 of 3rd period - Double Minor Penalty to Richard Lintner for High sticking.
10:29 of 3rd period - Eric Lindros wins face-off versus Daniel Sedin in Bruins zone.
10:39 of 3rd period - Eric Lindros is hit by Daniel Sedin and loses puck.
10:59 of 3rd period - Backhand shot by Joni Pitkanen.
10:59 of 3rd period - Shot Blocked by Andrew Alberts.
11:43 of 3rd period - Daniel Sedin is hit by Wojtek Wolski and loses puck.
11:50 of 3rd period - Scott Hartnell is hit by Brad Ference.
12:02 of 3rd period - Ryan O'Byrne is hit by Mikko Koivu and loses puck.
12:33 of 3rd period - Mike Fisher is hit by Kris Chucko and loses puck.
13:16 of 3rd period - Ryan O'Byrne is hit by Bates Battaglia and loses puck.
14:03 of 3rd period - Victor Oreskovich is hit by Mike Fisher and loses puck.
14:28 of 3rd period - Penalty to Richard Lintner is over, Richard Lintner is back on ice.
14:50 of 3rd period - Michael Ryder is hit by Bates Battaglia and loses puck.
18:54 of 3rd period - Slapshot by Henrik Sedin.
18:54 of 3rd period - Shot Misses the Net.
19:04 of 3rd period - Wrist shot by Loui Eriksson.
19:04 of 3rd period - Stopped by Evgeni Nabokov with a rebound.
19:06 of 3rd period - Snap shot by Loui Eriksson.
19:06 of 3rd period - Stopped by Evgeni Nabokov without a rebound.
19:07 of 3rd period - Randy Carlyle call a timeout for Bruins.
19:07 of 3rd period - Eric Lindros wins face-off versus Henrik Sedin in Bruins zone.
19:14 of 3rd period - Filip Kuba is hit by Wojtek Wolski and loses puck.
19:17 of 3rd period - Bruins, Evgeni Nabokov is pulled from the net.
19:31 of 3rd period - Snap shot by Daniel Briere.
19:31 of 3rd period - Stopped by Pascal Leclaire without a rebound.
19:32 of 3rd period - Eric Lindros wins face-off versus Henrik Sedin in Sharks zone.
19:33 of 3rd period - Backhand shot by Daniel Briere.
19:33 of 3rd period - Stopped by Pascal Leclaire with a rebound.
19:35 of 3rd period - Snap shot by Andrew Alberts.
19:35 of 3rd period - Stopped by Pascal Leclaire with a rebound.
19:37 of 3rd period - Snap shot by Andrew Alberts.
19:37 of 3rd period - Shot Misses the Net.
Output by the SimonT Hockey Simulator (STHS) for François Prévost -- Original Page W3C XHTML 1.0 Valid